 Dungeon Crawl Stone Soup version 0.29.1-1-gd02db6906a (console) character file.

Game seed: 13721269216211634841

7 sentinel the Digger (level 2, 20/20 HPs)
             Began as a Meteoran Earth Elementalist on Sept 29, 2022.
             Quit the game on level 1 of the Dungeon.
             The game lasted 00:00:05 (110 turns).

sentinel the Digger (Meteoran Earth Elementalist)    Turns: 110, Time: 00:00:05

Health: 20/20      AC:  2    Str:  9    XL:     2   Next: 17%
Magic:  6/6        EV: 12    Int: 16    God:
Gold:   0          SH:  0    Dex: 14    Spells: 5/6 levels left

rFire   . . .      SeeInvis .   (no weapon)
rCold   . . .      Faith    .   (no shield)
rNeg    . . .      Spirit   .   a - +0 robe
rPois   .          Reflect  .   (no helmet)
rElec   .          Harm     .   (no cloak)
rCorr   .          Rampage  .   (no gloves)
Will    .....                   (no boots)
Stlth   +.........              (no amulet)
HPRegen 0.06/turn               (no ring)
MPRegen 0.10/turn               (no ring)

@: glowing
A: sense surroundings 1, otherworldly, glowing, explore regen
a: no special abilities


You were on level 1 of the Dungeon.
You visited 1 branch of the dungeon, and saw 1 of its levels.

Inventory:

Armour
 a - a +0 robe (worn)
Jewellery
 p - a +4 ring of protection
Scrolls
 c - 2 scrolls of identify {unknown}
 d - a scroll of enchant weapon {unknown}
Potions
 b - a potion of magic


   Skills:
 - Level 2.4 Dodging
 - Level 1.4 Stealth
 - Level 2.6 Spellcasting
 - Level 1.2 Transmutations
 + Level 4.2 Earth Magic


You had 5 spell levels left.
You knew the following spells:

 Your Spells              Type           Power      Damage    Failure   Level
a - Sandblast             Erth           30%        2d9       3%          1

Your spell library contained the following spells:

 Spells                   Type           Power      Damage    Failure   Level
 Passwall                 Tmut/Erth      8%         N/A       10%         2
 Stone Arrow              Conj/Erth      16%        3d8       24%         3
 Petrify                  Tmut/Erth      10%        N/A       54%         4


Dungeon Overview and Level Annotations

Branches:
Dungeon (1/15) Zot: 486

Altars:


Innate Abilities, Weirdness & Mutations

You passively map a small area around you.
You are easily found by Zot.
You glow in the dark.
You regain HP and MP as you explore.


Message History

Unknown command.
You can't see any susceptible monsters within range! (Use Z to cast anyway.) Unknown command.
No target in view!
No target in view!
You can't see any susceptible monsters within range! (Use Z to cast anyway.) Unknown command.
You can't see any susceptible monsters within range! (Use Z to cast anyway.) Unknown command.
You can't see any susceptible monsters within range! (Use Z to cast anyway.) Unknown command.
You can't see any susceptible monsters within range! (Use Z to cast anyway.) Unknown command.
You start waiting.
Your magical contamination has completely faded away.
Unknown command.
HP restored.
Found a robe.
c - a scroll labelled KEGHAKH VUAGU Unknown command.
A kobold comes into view.
It is wielding a +2 short sword of venom.
Found a scroll labelled KEGHAKH VUAGU.
Unknown command.
But you're not safe!
Unknown command.
But you're not safe!
Unknown command.
A hobgoblin and a kobold come into view.
The hobgoblin shouts!
The kobold shouts!
The blast of sand hits the hobgoblin.
The hobgoblin is moderately wounded.
The hobgoblin hits you but does no damage.
The blast of sand hits the hobgoblin.
The hobgoblin is severely wounded.
The hobgoblin hits you but does no damage.
Unknown command.
The blast of sand hits the hobgoblin.
You kill the hobgoblin!
The kobold throws a stone.
The stone hits you but does no damage. The kobold closely misses you.
The kobold throws a stone.
The stone hits you.
Your Earth Magic skill increases to level 4!
Unknown command.
The blast of sand hits the kobold!
You kill the kobold!
The kobold throws a stone.
The stone misses you.
You have reached level 2!
Unknown command.
You are out of magic!
Unknown command.
The kobold hits you with a +0 short sword.
You hit the kobold.
The kobold is moderately wounded.
The kobold hits you with a +0 short sword.
You are out of magic!
Unknown command.
You are out of magic!
Unknown command.
You are out of magic!
Unknown command.
You hit the kobold but do no damage.
The kobold is moderately wounded.
The kobold completely misses you.
You hit the kobold.
The kobold is heavily wounded.
The kobold hits you but does no damage.
You are out of magic!
Unknown command.
You are out of magic!
Unknown command.
You are out of magic!
Unknown command.
You are out of magic!
Unknown command.
But you're not safe!
Unknown command.
But you're not safe!
Unknown command.
But you're not safe!
Unknown command.
But you're not safe!
Unknown command.
But you're not safe!
Unknown command.
You barely miss the kobold. Your punch misses the kobold.
The kobold is heavily wounded.
The kobold hits you with a +0 short sword.
You hit the kobold but do no damage.
The kobold is heavily wounded.
The kobold hits you but does no damage.
You are out of magic!
Unknown command.
You are out of magic!
Unknown command.
You are out of magic!
Unknown command.
You are out of magic!
Unknown command.
You hit the kobold but do no damage.
The kobold is heavily wounded.
The kobold closely misses you.
You closely miss the kobold.
The kobold is heavily wounded.
The kobold closely misses you.
The blast of sand hits the kobold!
You kill the kobold!
Unknown command.
You are out of magic!
Unknown command.
You are out of magic!
Unknown command.
You are out of magic!
Unknown command.
No target in view!
No target in view!
You are out of magic!
Unknown command.
You are out of magic!
Unknown command.
You are out of magic!
Unknown command.
You are out of magic!
Unknown command.
You see here a +2 short sword of venom.
Unknown command.
d - a scroll labelled UFYQEUFIEST Unknown command.
p - a +4 ring of protection Unknown command.
c - 2 scrolls labelled KEGHAKH VUAGU (gained 1)
You open the door.
There is an open door here.
You open the door.
There is an open door here.
You open the door.
There is an open door here.
There is an open door here.
You open the door.
There is an open door here.
As you open the door, it creaks loudly!
Unknown command.
Magic restored.
There is an open door here.
A hobgoblin comes into view.
The hobgoblin shouts!
You hear a shout!
Unknown command.
Unknown command.
Unknown command.
Unknown command.
Unknown command.
Are you sure you want to abandon this character and quit the game? (Confirm with "yes".)

...........#'#
.#.#.###.###.#
*
.#.#.###.###'#
.#.#.........#
.#.#####.#####
#. #.# #.#
#.##########
#........@.# *
##########.# *
.# , , , , ,
.# * , * .# ,*
,*.# ,, , ,,,*
g# * , ,, .. ,
*


You could see a hobgoblin.

Vanquished Creatures
  A bat (D:1)
  2 hobgoblins (D:1)
  2 kobolds (D:1)
5 creatures vanquished.

Notes
Turn   | Place    | Note
-------+----------+-------------------------------------------
     0 | D:1      | sentinel the Meteoran Earth Elementalist began the quest
                  | for the Orb.
     0 | D:1      | Reached XP level 1. HP: 14/14 MP: 5/5
    35 | D:1      | Reached skill level 4 in Earth Magic
    36 | D:1      | Reached XP level 2. HP: 19/20 MP: 0/6
   110 | D:1      | Quit the game

Illustrated notes

Levels and vault maps discovered:
D:1:      minmay_arrival_doors, layout_loops_ring, serial_glass,
          glass_columns_b, glass_columns_a

Skill      XL: |  1 |
---------------+----+-----
Earth Magic    | 4 |  4.2
Dodging        | |  2.4
Stealth        | |  1.4
Spellcasting   | |  2.6
Transmutations | |  1.2

Action                   || total
-------------------------++-------
Melee: Unarmed           ||     8
 Cast: Sandblast         ||     8
Armor: Robe              ||     6
Dodge: Dodged            ||     6
